 Dungeon Crawl Stone Soup version 0.21.1-1-g345015f (webtiles) character file.

136 tidbits the Charmwright (level 5, 0/43 HPs)
             Began as a Gnoll Skald on Feb 8, 2018.
             Slain by an orc priest
             ... wielding a +0 whip
              (4 damage)
             ... on level 5 of the Dungeon.
             The game lasted 00:04:14 (370 turns).

tidbits the Charmwright (Gnoll Skald)                Turns: 370, Time: 00:04:14

Health: 0/43       AC:  3    Str: 19    XL:     5   Next: 19%
Magic:  7/12       EV: 14    Int: 16    God:
Gold:   46         SH:  0    Dex: 14    Spells: 3/14 levels left

rFire    . . .     SeeInvis .   a - +0 hand axe
rCold    . . .     Gourm    .   (no shield)
rNeg     . . .     Faith    .   b - +0 leather armour
rPois    .         Spirit   .   (no helmet)
rElec    .         Reflect  .   (no cloak)
rCorr    .         Harm     .   (no gloves)
MR       .....                  (no boots)
Stlth    ++........             (no amulet)
HPRegen  0.14/turn              (no ring)
MPRegen  0.13/turn              (no ring)

@: mighty
A: distributed training, fangs 1, strong nose
a: no special abilities


You were on level 5 of the Dungeon.
You were not hungry.

You visited 1 branch of the dungeon, and saw 5 of its levels.

You collected 46 gold pieces.

Inventory:

Hand Weapons
 a - a +0 hand axe (weapon)
 f - a +0 dagger
 l - a +1 dagger of draining
   (You took it off a goblin on level 3 of the Dungeon)
 o - a +0 hunting sling
Missiles
 p - 22 stones (quivered)
Armour
 b - a +0 leather armour (worn)
Scrolls
 g - a scroll of enchant weapon {unknown}
 h - 3 scrolls of identify {unknown}
Potions
 e - a potion of mutation {unknown}
 i - a potion of invisibility {unknown}
 j - a potion of ambrosia {unknown}
 k - a potion of might
 m - a potion of brilliance {unknown}
 n - a potion of resistance {unknown}
 q - 2 potions of cancellation {unknown}
Books
 c - a book of Battle

   Spells                             Type                      Level
   a - Infusion                       Charms                       1
   b - Shroud of Golubria             Charms/Translocation         2
   c - Song of Slaying                Charms                       2
   d - Spectral Weapon                Hexes/Charms                 3
   e - Regeneration                   Charms/Necromancy            3
Comestibles
 d - 2 rations


   Skills:
 + Level 4.7 Fighting
 + Level 1.3 Short Blades
 + Level 1.3 Long Blades
 + Level 4.7 Axes
 + Level 1.3 Maces & Flails
 + Level 1.3 Polearms
 + Level 1.3 Staves
 + Level 1.3 Slings
 + Level 1.3 Bows
 + Level 1.3 Crossbows
 + Level 1.3 Throwing
 + Level 2.9 Armour
 + Level 4.7 Dodging
 + Level 1.3 Stealth
 + Level 1.3 Shields
 + Level 1.3 Unarmed Combat
 + Level 5.1 Spellcasting
 + Level 1.1 Conjurations
 + Level 1.1 Hexes
 + Level 5.5 Charms
 + Level 1.1 Summonings
 + Level 1.1 Necromancy
 + Level 1.1 Translocations
 + Level 1.1 Transmutations
 + Level 1.1 Fire Magic
 + Level 1.1 Ice Magic
 + Level 1.1 Air Magic
 + Level 1.1 Earth Magic
 + Level 1.1 Poison Magic
 + Level 1.5 Invocations
 + Level 1.3 Evocations


You had 3 spell levels left.
You knew the following spells:

 Your Spells              Type           Power        Failure   Level  Hunger
g - Shroud of Golubria    Chrm/Tloc      ##........   7%          2    #......
i - Infusion              Chrm           ###.         1%          1    None
r - Regeneration          Chrm/Necr      ##........   14%         3    ###....
w - Spectral Weapon       Hex/Chrm       ##......     14%         3    ###....
y - Song of Slaying       Chrm           ###.....     2%          2    #......


Dungeon Overview and Level Annotations

Branches:
Dungeon (5/15)
 Temple: D:4-7

Altars:


Innate Abilities, Weirdness & Mutations

Your experience applies equally to all skills.
You have very sharp teeth.
Your uncanny sense of smell can sniff out nearby items.


Message History

The orc warrior shouts!
The orc shouts!
You hear an angry hiss.
The ogre shouts!
Found 2 black potions.
Found a stone staircase leading down.
There is a stone staircase leading up here.
Unknown command.
You see here 2 black potions.
q - 2 black potions The orc closely misses you.
The orc warrior completely misses you. The orc hits you but does no damage.
There is a stone staircase leading down here.
Unknown command.
The orc priest hits you with a whip. The orc hits you.
You climb downwards.
A sky beast comes into view.
Your song is almost over.
Found a scroll labeled GOARCH MEIWO.
There is a stone staircase leading up here.
Okay, then.
Okay, then.
Unknown command.
Casting: Song of Slaying
Confirm with . or Enter, or press ? or * to list all spells.
You draw out your weapon's spirit!
The orc warrior hits you with a battleaxe.
The orc warrior hits your spectral weapon with a battleaxe!
Your spectral weapon shares its damage with you!
* * * LOW HITPOINT WARNING * * *
The orc priest hits you with a whip.
* * * LOW HITPOINT WARNING * * *
The orc hits you.
* * * LOW HITPOINT WARNING * * *
The sky beast moves out of view.
Unknown command.
It was a potion of might.
You feel very mighty all of a sudden. The orc warrior misses you.
The orc warrior closely misses your spectral weapon.
The orc priest closely misses you. The orc misses you.
You slash the orc warrior! You bite the orc warrior.
The orc warrior is heavily wounded.
You barely miss the orc priest. You hit the orc.
Your spectral weapon hits the orc warrior but does no damage.
The orc warrior completely misses your spectral weapon.
The orc warrior closely misses you. The orc priest hits you with a whip.
* * * LOW HITPOINT WARNING * * *
The orc completely misses you.
You slash the orc warrior!
The orc warrior is almost dead.
You hit the orc priest. You slash the orc!
You kill the orc!
Your base Invocations skill increases to level 1!
Your spectral weapon hits the orc warrior but does no damage.
The orc priest hits you with a whip.
* * * LOW HITPOINT WARNING * * *
The orc warrior hits your spectral weapon with a battleaxe!
Your spectral weapon shares its damage with you!
Your spectral weapon fades away.
The orc warrior misses you.
* * * LOW HITPOINT WARNING * * *
The orc warrior shouts!
Unknown command.
You hit the orc warrior but do no damage.
The orc warrior is almost dead.
You closely miss the orc priest. The orc priest barely misses you.
You hit the orc warrior.
You kill the orc warrior!
Your life force feels restored.
Your Short Blades skill increases to level 1!
Your Long Blades skill increases to level 1!
Your Maces & Flails skill increases to level 1!
Your Polearms skill increases to level 1!
Your Staves skill increases to level 1!
Your Slings skill increases to level 1!
Your Bows skill increases to level 1!
Your Crossbows skill increases to level 1!
Your Throwing skill increases to level 1!
Your Stealth skill increases to level 1!
Your Shields skill increases to level 1!
Your Unarmed Combat skill increases to level 1!
Your Conjurations skill increases to level 1!
Your Hexes skill increases to level 1!
Your Summonings skill increases to level 1!
Your Necromancy skill increases to level 1!
Your Translocations skill increases to level 1!
Your Transmutations skill increases to level 1!
Your Fire Magic skill increases to level 1!
Your Ice Magic skill increases to level 1!
Your Air Magic skill increases to level 1!
Your Earth Magic skill increases to level 1!
Your Poison Magic skill increases to level 1!
Your Evocations skill increases to level 1!
You have reached level 4!
You feel stronger.
You have reached level 5!
You hit the orc priest.
Your song has ended.
The orc priest misses you.
You closely miss the orc priest.
The orc priest is heavily wounded.
You closely miss the sky beast. The orc priest hits you with a whip.
You die...

### #.. #.#
####.#
#....###
#..[o..#####
#.@.......
#...Y).#####
#.........
##.....####
#.###.# #.
.# #. .? #.
###


You could see a sky beast and an orc priest.

Vanquished Creatures
  An orc warrior (D:5)
  2 dart slugs
  A leopard gecko (D:3)
  An orc (D:5)
  3 giant cockroaches (D:1)
  5 goblins
  6 hobgoblins
  A ball python (D:1)
  7 bats
  A frilled lizard (D:1)
  A kobold (D:1)
  3 rats
32 creatures vanquished.

Vanquished Creatures (others)
  A spectral weapon (D:5)
1 creature vanquished.

Grand Total: 33 creatures vanquished

Notes
Turn   | Place    | Note
-------+----------+-------------------------------------------
     0 | D:1      | tidbits the Gnoll Skald began the quest for the Orb.
     0 | D:1      | Reached XP level 1. HP: 20/20 MP: 6/6
    32 | D:1      | Reached XP level 2. HP: 23/26 MP: 1/7
    59 | D:1      | Learned a level 2 spell: Song of Slaying
    62 | D:1      | Learned a level 2 spell: Shroud of Golubria
   144 | D:1      | Reached XP level 3. HP: 18/31 MP: 0/9
   232 | D:2      | Reached skill level 5 in Spellcasting
   332 | D:3      | Learned a level 3 spell: Regeneration
   336 | D:3      | Learned a level 3 spell: Spectral Weapon
   357 | D:4      | Noticed an ogre
   357 | D:4      | Noticed an orc warrior
   363 | D:5      | Entered Level 5 of the Dungeon
   363 | D:5      | Noticed a sky beast
   367 | D:5      | Reached skill level 1 in Invocations
   367 | D:5      | HP: 3/31 [orc warrior/battleaxe (3)]
   369 | D:5      | Killed an orc warrior
   369 | D:5      | Reached skill level 1 in Short Blades
   369 | D:5      | Reached skill level 1 in Long Blades
   369 | D:5      | Reached skill level 1 in Maces & Flails
   369 | D:5      | Reached skill level 1 in Polearms
   369 | D:5      | Reached skill level 1 in Staves
   369 | D:5      | Reached skill level 1 in Slings
   369 | D:5      | Reached skill level 1 in Bows
   369 | D:5      | Reached skill level 1 in Crossbows
   369 | D:5      | Reached skill level 1 in Throwing
   369 | D:5      | Reached skill level 1 in Stealth
   369 | D:5      | Reached skill level 1 in Shields
   369 | D:5      | Reached skill level 1 in Unarmed Combat
   369 | D:5      | Reached skill level 1 in Conjurations
   369 | D:5      | Reached skill level 1 in Hexes
   369 | D:5      | Reached skill level 1 in Summonings
   369 | D:5      | Reached skill level 1 in Necromancy
   369 | D:5      | Reached skill level 1 in Translocations
   369 | D:5      | Reached skill level 1 in Transmutations
   369 | D:5      | Reached skill level 1 in Fire Magic
   369 | D:5      | Reached skill level 1 in Ice Magic
   369 | D:5      | Reached skill level 1 in Air Magic
   369 | D:5      | Reached skill level 1 in Earth Magic
   369 | D:5      | Reached skill level 1 in Poison Magic
   369 | D:5      | Reached skill level 1 in Evocations
   369 | D:5      | Reached XP level 4. HP: 3/38 MP: 7/11
   369 | D:5      | Reached XP level 5. HP: 4/43 MP: 7/12
   370 | D:5      | Slain by an orc priest

Skill      XL: |  1  2  3 |
---------------+----------+-----
Spellcasting   | 5 |  5.1
Invocations    | 1 |  1.5
Short Blades   | 1 |  1.3
Long Blades    | 1 |  1.3
Maces & Flails | 1 |  1.3
Polearms       | 1 |  1.3
Staves         | 1 |  1.3
Slings         | 1 |  1.3
Bows           | 1 |  1.3
Crossbows      | 1 |  1.3
Throwing       | 1 |  1.3
Stealth        | 1 |  1.3
Shields        | 1 |  1.3
Unarmed Combat | 1 |  1.3
Conjurations   | 1 |  1.1
Hexes          | 1 |  1.1
Summonings     | 1 |  1.1
Necromancy     | 1 |  1.1
Translocations | 1 |  1.1
Transmutations | 1 |  1.1
Fire Magic     | 1 |  1.1
Ice Magic      | 1 |  1.1
Air Magic      | 1 |  1.1
Earth Magic    | 1 |  1.1
Poison Magic   | 1 |  1.1
Evocations     | 1 |  1.3
Fighting       | |  4.7
Axes           | |  4.7
Armour         | |  2.9
Dodging        | |  4.7
Charms         | |  5.5

Action                   |  1- 3 |  4- 6 || total
-------------------------+-------+-------++-------
Melee: Hand axe          |    63 |     1 ||    64
       Bite              |     3 |       ||     3
 Cast: Infusion          |     4 |       ||     4
       Song of Slaying   |     5 |       ||     5
       Spectral Weapon   |     1 |       ||     1
  Use: Potion            |     1 |       ||     1
Armor: Leather armour    |    33 |       ||    33
Dodge: Dodged            |    59 |     1 ||    60

Table legend:
 A = Turns spent in this place as a percentage of turns spent in the entire game.
 B = Non-inter-level travel turns spent in this place as a percentage of non-inter-level travel turns spent in the entire game.
 C = Inter-level travel turns spent in this place as a percentage of turns spent in this place.
 D = Turns resting spent in this place as a percentage of non-inter-level travel turns spent in this place.
 E = Turns spent auto-exploring this place as a percentage of non-inter-level travel turns spent in this place.
 F = Non-inter-level travel turns spent in this place divided by the number of levels of this place that you've seen.
                   A       B       C       D       E      F
               +-------+-------+-------+-------+-------+----------------------
         Total | 100.0 | 100.0 |   0.0 |   0.0 |   0.0 |  74.0
       Dungeon | 100.0 | 100.0 |   0.0 |   0.0 |   0.0 |  74.0
               +-------+-------+-------+-------+-------+----------------------

Table legend:
 A = Kills in this place as a percentage of kills in entire the game.
 B = Kills by you in this place as a percentage of kills by you in the entire game.
 C = Kills by friends in this place as a percentage of kills by friends in the entire game.
 D = Other kills in this place as a percentage of other kills in the entire game.
 E = Experience gained in this place as a percentage of experience gained in the entire game.
 F = Experience gained in this place divided by the number of levels of this place that you have seen.
                   A       B       C       D       E      F
               +-------+-------+-------+-------+-------+----------------------
         Total | 100.0 | 100.0 |   N/A |   N/A | 100.0 |  39.0
       Dungeon | 100.0 | 100.0 |   N/A |   N/A | 100.0 |  39.0
               +-------+-------+-------+-------+-------+----------------------

Vault maps used:
D:1:      scummos_arrival_hexagon, roderic_roman_lattice
D:2:      cheibrodos_pilgrimage, chequers_temple_overflow_minitemple,
          first_ration, brannock_xom_greatest_gift
D:3:      evilmike_ruin_ashenzari
D:4:      kennysheep_mini_moat, portal_sewer_entry_d, serial_shops,
          nicolae_shop_statue_plus, uniq_duvessa
D:5:      minmay_temple_entry_overgrown
